| TOP OF THE 1ST |
|
Waterloo Hawks batting - Pitching for Danville Veterans : LHP Juan Dorville
|
|
Pitching: LHP Juan Dorville
|
|
|
Batting: RHB Edward Irvine
|
0-0: Swinging Strike 0-1: Foul Ball, location: 2F 0-2: Ball 1-2: Ball 2-2: Strikes out swinging
|
|
Batting: RHB Mark Sheehy
|
0-0: Called Strike 0-1: Ground out 6-3 (Groundball, 6, EV 107.5 MPH)
|
|
Batting: RHB Tony Evans
|
0-0: Foul Ball, location: 2F 0-1: Fly out, F8 (Flyball, 8LD, EV 100.6 MPH)
|
| Top of the 1st over - 0 runs, 0 hits, 0 errors, 0 left on base; Waterloo 0 - Danville 0 |
| BOTTOM OF THE 1ST |
|
Danville Veterans batting - Pitching for Waterloo Hawks : RHP Albert Arrieta
|
|
Pitching: RHP Albert Arrieta
|
|
|
Batting: RHB Henry Janssen
|
0-0: Ball 1-0: Swinging Strike 1-1: Foul Ball, location: 2F 1-2: SINGLE (Line Drive, 34, EV 95.6 MPH)
|
|
Batting: SHB Donnie Hill
|
0-0: Ball 1-0: Called Strike Henry Janssen steals 2nd base 1-1: Foul Ball, location: 2F 1-2: Foul Ball, location: 2F 1-2: Ball 2-2: Ground out 4-3 (Groundball, 4, EV 90.0 MPH) Henry Janssen to third
|
|
Batting: LHB Mark Salas
|
0-0: Ball 1-0: Swinging Strike 1-1: Foul Ball, location: 2F 1-2: Foul Ball, location: 2F 1-2: Ball 2-2: Foul Ball, location: 2F 2-2: Foul Ball, location: 2F 2-2: Fly out, F8 (Line Drive, 8LD, EV 100.6 MPH) Runner from 3rd tags up, SCORES, throw by CF
|
|
Batting: RHB Robert Gauci
|
0-0: Ball 1-0: SINGLE (Line Drive, 89S, EV 105.6 MPH)
|
|
Batting: RHB Joseph Soprano
|
0-0: Foul Ball, location: 2F 0-1: Foul Ball, location: 2F 0-2: Ball 1-2: DOUBLE (Line Drive, 9LM, EV 106.9 MPH) Robert Gauci to third
|
|
Batting: RHB Ed Saavedra
|
0-0: Fly out, F9 (Flyball, 9, EV 88.1 MPH)
|
| Bottom of the 1st over - 1 run, 3 hits, 0 errors, 2 left on base; Waterloo 0 - Danville 1 |
| TOP OF THE 2ND |
|
Waterloo Hawks batting - Pitching for Danville Veterans : LHP Juan Dorville
|
|
Batting: RHB Carmelo Aguayo
|
0-0: Ball 1-0: Called Strike 1-1: Ball 2-1: Ball 3-1: Ground out 4-3 (Groundball, 4, EV 83.8 MPH)
|
|
Batting: LHB Burk Goldthorn
|
0-0: Ball 1-0: Swinging Strike 1-1: Ball 2-1: Swinging Strike 2-2: Ground out U3 (Groundball, 3, EV 76.9 MPH)
|
|
Batting: RHB Jay Loviglio
|
0-0: Foul Ball, location: 2F 0-1: Swinging Strike 0-2: Foul Ball, location: 2F 0-2: Reached on error, E5 (Groundball, 56S, EV 85.6 MPH)
|
|
Batting: RHB Michael Williams
|
0-0: Ball Pickoff Throw to First - Error! E1 Jay Loviglio to second 1-0: Ball 2-0: Foul Ball, location: 2F 2-1: Ground out 4-3 (Groundball, 4, EV 110.0 MPH)
|
| Top of the 2nd over - 0 runs, 0 hits, 2 errors, 1 left on base; Waterloo 0 - Danville 1 |
| BOTTOM OF THE 2ND |
|
Danville Veterans batting - Pitching for Waterloo Hawks : RHP Albert Arrieta
|
|
Batting: RHB Vincent Pone
|
0-0: Called Strike 0-1: Ball 1-1: Foul Ball, location: 2F 1-2: Ball 2-2: Ball 3-2: Strikes out swinging
|
|
Batting: RHB Jeff Moronko
|
0-0: Called Strike 0-1: Ground out 3-1 (Groundball, 34, EV 101.9 MPH)
|
|
Batting: RHB Jeff Hall
|
0-0: Called Strike 0-1: Foul Ball, location: 2F 0-2: Foul Ball, location: 2F 0-2: Ground out 5-3 (Groundball, 5, EV 95.6 MPH)
|
| Bottom of the 2nd over - 0 runs, 0 hits, 0 errors, 0 left on base; Waterloo 0 - Danville 1 |
| TOP OF THE 3RD |
|
Waterloo Hawks batting - Pitching for Danville Veterans : LHP Juan Dorville
|
|
Batting: RHB Kean Rich
|
0-0: Called Strike 0-1: Ball 1-1: Ball 2-1: Foul Ball, location: 2F 2-2: Ball 3-2: Ground out 5-3 (Groundball, 56, EV 90.6 MPH)
|
|
Batting: RHB David Cusack
|
0-0: Fly out, F9 (Flyball, 9D, EV 91.9 MPH)
|
|
Batting: RHB Edward Irvine
|
0-0: Ball 1-0: Ball 2-0: Called Strike 2-1: Ball 3-1: Called Strike 3-2: Foul Ball, location: 2F 3-2: SINGLE (Flyball, 8RS, EV 94.4 MPH)
|
|
Batting: RHB Mark Sheehy
|
0-0: Foul Ball, location: 2F 0-1: Called Strike 0-2: Ball 1-2: DOUBLE (Line Drive, 7LM, EV 111.9 MPH) Edward Irvine to third Runner from 3rd tries for Home, SAFE, no throw by LF
|
|
Batting: RHB Tony Evans
|
0-0: Ball 1-0: Foul Ball, location: 2F 1-1: Ball 2-1: Ground out 4-3 (Groundball, 34, EV 83.8 MPH)
|
| Top of the 3rd over - 1 run, 2 hits, 0 errors, 1 left on base; Waterloo 1 - Danville 1 |
| BOTTOM OF THE 3RD |
|
Danville Veterans batting - Pitching for Waterloo Hawks : RHP Albert Arrieta
|
|
Batting: RHB Henry Janssen
|
0-0: Called Strike 0-1: Fly out, F5 (Flyball, 5D, EV 88.1 MPH)
|
|
Batting: SHB Donnie Hill
|
0-0: Called Strike 0-1: Ball 1-1: Swinging Strike 1-2: Ball 2-2: Ball 3-2: Foul Ball, location: 2F 3-2: Foul Ball, location: 2F 3-2: SINGLE (Line Drive, 7S, EV 101.3 MPH)
|
|
Batting: LHB Mark Salas
|
0-0: Ball Donnie Hill is caught stealing 2nd base 2-6 1-0: Fly out, F7 (Flyball, 78S, EV 86.9 MPH)
|
| Bottom of the 3rd over - 0 runs, 1 hit, 0 errors, 0 left on base; Waterloo 1 - Danville 1 |
| TOP OF THE 4TH |
|
Waterloo Hawks batting - Pitching for Danville Veterans : LHP Juan Dorville
|
|
Batting: RHB Carmelo Aguayo
|
0-0: Ball 1-0: Fly out, F8 (Flyball, 8RXD, EV 87.5 MPH)
|
|
Batting: LHB Burk Goldthorn
|
0-0: Foul Ball, location: 2F 0-1: Ball 1-1: Fly out, F9 (Flyball, 89S, EV 93.8 MPH)
|
|
Batting: RHB Jay Loviglio
|
0-0: Ground out 5-3 (Groundball, 25, EV 84.4 MPH)
|
| Top of the 4th over - 0 runs, 0 hits, 0 errors, 0 left on base; Waterloo 1 - Danville 1 |
| BOTTOM OF THE 4TH |
|
Danville Veterans batting - Pitching for Waterloo Hawks : RHP Albert Arrieta
|
|
Batting: RHB Robert Gauci
|
0-0: Ball 1-0: Swinging Strike 1-1: Foul Ball, location: 2F 1-2: Ball 2-2: Ball 3-2: Ground out 5-3 (Groundball, 5S, EV 82.5 MPH)
|
|
Batting: RHB Joseph Soprano
|
0-0: Called Strike 0-1: Ball 1-1: Foul Ball, location: 2F 1-2: Ball 2-2: Fly out, F8 (Flyball, 89XD, EV 109.4 MPH)
|
|
Batting: RHB Ed Saavedra
|
0-0: Ball 1-0: Ground out 6-3 (Groundball, 6, EV 91.3 MPH)
|
| Bottom of the 4th over - 0 runs, 0 hits, 0 errors, 0 left on base; Waterloo 1 - Danville 1 |
| TOP OF THE 5TH |
|
Waterloo Hawks batting - Pitching for Danville Veterans : LHP Juan Dorville
|
|
Batting: RHB Michael Williams
|
0-0: Ball 1-0: Ball 2-0: Called Strike 2-1: Foul Ball, location: 2F 2-2: Strikes out looking
|
|
Batting: RHB Kean Rich
|
0-0: Fly out, F4 (Popup, 4D, EV 55.6 MPH)
|
|
Batting: RHB David Cusack
|
0-0: Called Strike 0-1: Ball 1-1: Ground out 6-3 (Groundball, 6MS, EV 80.6 MPH)
|
| Top of the 5th over - 0 runs, 0 hits, 0 errors, 0 left on base; Waterloo 1 - Danville 1 |
| BOTTOM OF THE 5TH |
|
Danville Veterans batting - Pitching for Waterloo Hawks : RHP Albert Arrieta
|
|
Batting: RHB Vincent Pone
|
0-0: Ball 1-0: Called Strike 1-1: DOUBLE (Line Drive, 8RXD, EV 103.8 MPH)
|
|
Batting: RHB Jeff Moronko
|
0-0: Called Strike 0-1: Called Strike 0-2: Ball 1-2: Fly out, F8 (Line Drive, 8LD, EV 92.5 MPH)
|
|
Batting: RHB Jeff Hall
|
0-0: Ground out 4-3 (Groundball, 4, EV 102.5 MPH) Vincent Pone to third
|
|
Batting: RHB Henry Janssen
|
0-0: Ball 1-0: Foul Ball, location: 2F 1-1: Ground out 5-3 (Groundball, 56D, EV 81.9 MPH)
|
| Bottom of the 5th over - 0 runs, 1 hit, 0 errors, 1 left on base; Waterloo 1 - Danville 1 |
| TOP OF THE 6TH |
|
Waterloo Hawks batting - Pitching for Danville Veterans : LHP Juan Dorville
|
|
Batting: RHB Edward Irvine
|
0-0: Called Strike 0-1: Ball 1-1: Swinging Strike 1-2: Strikes out swinging
|
|
Batting: RHB Mark Sheehy
|
0-0: Ball 1-0: Called Strike 1-1: Ball 2-1: Called Strike 2-2: DOUBLE (Flyball, 78D, EV 102.5 MPH)
|
|
Batting: RHB Tony Evans
|
0-0: Ball 1-0: Ball 2-0: Called Strike 2-1: Swinging Strike 2-2: Ball 3-2: Ground out 6-3 (Groundball, 6, EV 83.8 MPH) Mark Sheehy to third
|
|
Batting: RHB Carmelo Aguayo
|
0-0: Foul Ball, location: 2F 0-1: Ground out 1-3 (Groundball, 25, EV 70.0 MPH)
|
| Top of the 6th over - 0 runs, 1 hit, 0 errors, 1 left on base; Waterloo 1 - Danville 1 |
| BOTTOM OF THE 6TH |
|
Danville Veterans batting - Pitching for Waterloo Hawks : RHP Albert Arrieta
|
|
Batting: SHB Donnie Hill
|
0-0: Called Strike 0-1: Ball 1-1: Foul Ball, location: 2F 1-2: Ball 2-2: Foul Ball, location: 2F 2-2: Reached on error, E5 (Groundball, 5S, EV 62.5 MPH)
|
|
Batting: LHB Mark Salas
|
0-0: Ball 1-0: Foul Ball, location: 2F 1-1: DOUBLE (Flyball, 3D, EV 83.1 MPH) Donnie Hill to third Runner from 3rd tries for Home, SAFE, throw by RF to home
|
|
Batting: RHB Robert Gauci
|
0-0: Called Strike 0-1: Fly out, F7 (Line Drive, 7, EV 103.8 MPH)
|
|
Batting: RHB Joseph Soprano
|
0-0: Ball 1-0: SINGLE (Line Drive, 8RS, EV 97.5 MPH) Mark Salas to third Runner from 3rd tries for Home, SAFE, throw by CF to home
|
|
Batting: RHB Ed Saavedra
|
0-0: Called Strike Pickoff Throw to First - Error! E1 Joseph Soprano to second 0-1: Ball 1-1: Ball 2-1: Called Strike Joseph Soprano steals 3rd base 2-2: Ball 3-2: Foul Ball, location: 2F 3-2: Foul Ball, location: 2F 3-2: Foul Ball, location: 2F 3-2: SINGLE (Line Drive, 8RS, EV 110.6 MPH) Joseph Soprano scores
|
|
Batting: RHB Vincent Pone
|
0-0: Called Strike 0-1: Ball 1-1: SINGLE (Groundball, 56, EV 97.5 MPH) (infield hit) Ed Saavedra to second
|
|
Batting: RHB Jeff Moronko
|
0-0: Ball 1-0: Fly out, F6 (Flyball, 56D, EV 90.6 MPH)
|
|
Batting: RHB Jeff Hall
|
0-0: SINGLE (Flyball, 56D, EV 88.8 MPH) Ed Saavedra to third Vincent Pone to second Runner from 3rd tries for Home, SAFE, throw by LF to home
|
|
Batting: RHB Henry Janssen
|
0-0: Ball 1-0: Swinging Strike 1-1: SINGLE (Line Drive, 89M, EV 92.5 MPH) Vincent Pone to third Jeff Hall to second Runner from 3rd tries for Home, SAFE, throw by RF to home
|
|
Pitching: LHP Dutch Deutsch
|
|
|
Batting: SHB Donnie Hill
|
0-0: Ball 1-0: Ball 2-0: Foul Ball, location: 2F 2-1: Fly out, F9 (Flyball, 89S, EV 88.8 MPH)
|
| Bottom of the 6th over - 5 runs, 6 hits, 2 errors, 2 left on base; Waterloo 1 - Danville 6 |
| TOP OF THE 7TH |
|
Waterloo Hawks batting - Pitching for Danville Veterans : LHP Juan Dorville
|
|
Batting: LHB Burk Goldthorn
|
0-0: Ball 1-0: Ball 2-0: Ground out 6-3 (Groundball, 56, EV 108.1 MPH)
|
|
Batting: RHB Jay Loviglio
|
0-0: Ball 1-0: Fly out, F4 (Line Drive, 4, EV 70.6 MPH)
|
|
Batting: RHB Michael Williams
|
0-0: Ground out 6-3 (Groundball, 56, EV 103.8 MPH)
|
| Top of the 7th over - 0 runs, 0 hits, 0 errors, 0 left on base; Waterloo 1 - Danville 6 |
| BOTTOM OF THE 7TH |
|
Danville Veterans batting - Pitching for Waterloo Hawks : LHP Dutch Deutsch
|
|
Batting: LHB Mark Salas
|
0-0: Ball 1-0: Ball 2-0: Swinging Strike 2-1: Fly out, F6 (Popup, 6MS, EV 73.8 MPH)
|
|
Batting: RHB Robert Gauci
|
0-0: Ball 1-0: Swinging Strike 1-1: Foul Ball, location: 2F 1-2: Ball 2-2: Ground out 6-3 (Groundball, 6, EV 103.1 MPH)
|
|
Batting: RHB Joseph Soprano
|
0-0: Fly out, F7 (Flyball, 7LM, EV 95.6 MPH)
|
| Bottom of the 7th over - 0 runs, 0 hits, 0 errors, 0 left on base; Waterloo 1 - Danville 6 |
| TOP OF THE 8TH |
|
Waterloo Hawks batting - Pitching for Danville Veterans : LHP Juan Dorville
|
|
Batting: RHB Kean Rich
|
0-0: Foul Ball, location: 2F 0-1: Ball 1-1: Ball 2-1: Ball 3-1: Fly out, F3 (Line Drive, 3, EV 70.0 MPH)
|
|
Batting: RHB David Cusack
|
0-0: Swinging Strike 0-1: Ball 1-1: Swinging Strike 1-2: Foul Ball, location: 2F 1-2: Fly out, F6 (Line Drive, 6, EV 67.5 MPH)
|
|
Batting: RHB Edward Irvine
|
0-0: Ground out 4-3 (Groundball, 4, EV 80.0 MPH)
|
| Top of the 8th over - 0 runs, 0 hits, 0 errors, 0 left on base; Waterloo 1 - Danville 6 |
| BOTTOM OF THE 8TH |
|
Danville Veterans batting - Pitching for Waterloo Hawks : LHP Dutch Deutsch
|
|
Batting: RHB Ed Saavedra
|
0-0: Foul Ball, location: 2F 0-1: Foul Ball, location: 2F 0-2: Fly out, F8 (Flyball, 8LD, EV 89.4 MPH)
|
|
Batting: RHB Vincent Pone
|
0-0: Called Strike 0-1: Ball 1-1: Ball 2-1: Ball 3-1: Base on Balls
|
|
Batting: RHB Jeff Moronko
|
0-0: Ball 1-0: Ball 2-0: Ball 3-0: Called Strike 3-1: 2-RUN HOME RUN (Flyball, 7D, EV 101.9 MPH), Distance : 370 ft
|
|
Pinch Hitting: RHB Robert Triplett
|
0-0: Ball 1-0: SINGLE (Groundball, 6MD, EV 95.0 MPH)
|
|
Pinch Hitting: RHB Tom Hayes
|
0-0: Ball 1-0: Foul Ball, location: 2F 1-1: Foul Ball, location: 2F 1-2: Grounds into double play, 6-4-3 (Groundball, 6, EV 103.8 MPH)
|
| Bottom of the 8th over - 2 runs, 2 hits, 0 errors, 0 left on base; Waterloo 1 - Danville 8 |
| TOP OF THE 9TH |
|
Waterloo Hawks batting - Pitching for Danville Veterans : LHP Juan Dorville
|
|
Now at 1B: Tim Duncan
|
|
|
Now in RF: Geoffrey Nash
|
|
|
Pinch Hitting: RHB John Stockstill
|
0-0: Ball 1-0: Swinging Strike 1-1: Foul Ball, location: 2F 1-2: Ball 2-2: Ground out 4-3 (Groundball, 4, EV 97.5 MPH)
|
|
Pitching: RHP Dave W Smith
|
|
|
Pinch Hitting: RHB Daniel Keck
|
0-0: Ball 1-0: SINGLE (Groundball, 34D, EV 101.9 MPH)
|
|
Batting: RHB Carmelo Aguayo
|
0-0: Called Strike 0-1: Called Strike 0-2: DOUBLE (Flyball, 8LXD, EV 100.6 MPH) Daniel Keck to third
|
|
Batting: LHB Burk Goldthorn
|
0-0: Ball 1-0: Ball 2-0: Ball 3-0: Base on Balls
|
|
Batting: RHB Jay Loviglio
|
0-0: DOUBLE (Groundball, 5L, EV 95.6 MPH) Daniel Keck scores Carmelo Aguayo scores Burk Goldthorn to third
|
|
Batting: RHB Michael Williams
|
0-0: Called Strike 0-1: Ball 1-1: Fly out, F4 (Popup, 4MS, EV 75.6 MPH)
|
|
Batting: RHB Kean Rich
|
0-0: Ball 1-0: Ball 2-0: Ball 3-0: Base on Balls
|
|
Batting: RHB David Cusack
|
0-0: Ball Wild Pitch! Burk Goldthorn scores Jay Loviglio to third Kean Rich to second 1-0: Foul Ball, location: 2F 1-1: Ball 2-1: Swinging Strike 2-2: Ball 3-2: Base on Balls
|
|
Batting: RHB Edward Irvine
|
0-0: Foul Ball, location: 2F 0-1: SINGLE (Flyball, 4D, EV 83.1 MPH) Jay Loviglio scores Kean Rich to third David Cusack to second
|
|
Batting: RHB John Stockstill
|
0-0: Called Strike 0-1: GRAND SLAM HOME RUN (Flyball, 7LD, EV 86.9 MPH), Distance : 365 ft
|
|
Pitching: RHP John Violette
|
|
|
Batting: RHB Daniel Keck
|
0-0: Foul Ball, location: 2F 0-1: Foul Ball, location: 2F 0-2: Ball 1-2: Ball 2-2: Ball 3-2: Fly out, F7 (Flyball, 7, EV 80.6 MPH)
|
| Top of the 9th over - 8 runs, 5 hits, 0 errors, 0 left on base; Waterloo 9 - Danville 8 |
| BOTTOM OF THE 9TH |
|
Danville Veterans batting - Pitching for Waterloo Hawks : LHP Dutch Deutsch
|
|
Now at 1B: Bruce Humphrey
|
|
|
Now at 3B: John Stockstill
|
|
|
Batting: SHB Donnie Hill
|
0-0: Ball 1-0: SINGLE (Groundball, 56, EV 85.6 MPH) (infield hit)
|
|
Batting: LHB Mark Salas
|
0-0: Reached on error, E4 (Groundball, 4MD, EV 110.0 MPH) Donnie Hill to second
|
|
Pitching: RHP John Franks
|
|
|
Batting: RHB Robert Gauci
|
0-0: Called Strike 0-1: Called Strike 0-2: Foul Ball, location: 2F 0-2: Ball 1-2: Ball 2-2: Ball 3-2: Foul Ball, location: 2F 3-2: Foul Ball, location: 2F 3-2: Foul Ball, location: 2F 3-2: Foul Ball, location: 2F 3-2: Fly out, F8 (Flyball, 78XD, EV 92.5 MPH) Runner from 2nd tags up, SAFE at 3rd, no throw by CF
|
|
Batting: RHB Joseph Soprano
|
0-0: Called Strike 0-1: Foul Ball, location: 2F 0-2: Foul Ball, location: 2F 0-2: Strikes out swinging
|
|
Batting: RHB Ed Saavedra
|
0-0: Ball 1-0: Foul Ball, location: 2F 1-1: Ball 2-1: Foul Ball, location: 2F 2-2: Ball 3-2: Base on Balls Mark Salas to second
|
|
Batting: RHB Vincent Pone
|
0-0: Called Strike 0-1: Swinging Strike 0-2: Fly out, F6 (Flyball, 6D, EV 91.3 MPH)
|
| Bottom of the 9th over - 0 runs, 1 hit, 1 error, 3 left on base; Waterloo 9 - Danville 8 |
|